 Dungeon Crawl Stone Soup version 0.26-a0-682-g294304f6e8 (webtiles) character file.

Game seed: 3125109332620370218

605 Froggeryz the Cleaver (level 7, -1/52 HPs)
             Began as a Formicid Fighter on Oct 21, 2020.
             Slain by a gnoll
             ... wielding a +0 halberd
              (11 damage)
             ... on level 4 of the Dungeon.
             The game lasted 00:04:51 (3341 turns).

Froggeryz the Cleaver (Formicid Fighter)            Turns: 3341, Time: 00:04:52

Health: -1/52      AC:  8    Str: 22    XL:     7   Next: 70%
Magic:  7/7        EV:  8    Int:  8    God:
Gold:   185        SH: 10    Dex: 10    Spells: 6/6 levels left

rFire    + . .     SeeInvis +   a - +1 war axe
rCold    . . .     Faith    .   c - +1 kite shield
rNeg     . . .     Spirit   .   b - +0 scale mail
rPois    .         Reflect  .   (helmet unavailable)
rElec    .         Harm     .   o - +0 cloak
rCorr    .         Rampage  .   (no gloves)
MR       .....                  (no boots)
Stlth    ..........             (no amulet)
HPRegen  0.17/turn              k - ring of protection from fire
MPRegen  0.10/turn              (no ring)

@: no status effects
A: permanent stasis, dig shafts and tunnels, four strong arms, antennae 3
a: Dig, Shaft Self


You were on level 4 of the Dungeon.
You visited 1 branch of the dungeon, and saw 4 of its levels.

You collected 185 gold pieces.

Inventory:

Hand Weapons
 a - a +1 war axe (weapon)
Missiles
 j - a throwing net
 m - 20 poisoned darts
 n - 5 javelins (quivered)
Armour
 b - a +0 scale mail (worn)
 c - a +1 kite shield (worn)
 o - a +0 cloak (worn)
Jewellery
 k - a ring of protection from fire (left hand)
Scrolls
 f - 2 scrolls of remove curse
 g - 2 scrolls of magic mapping
 h - 4 scrolls of amnesia
 i - a scroll of enchant armour
 l - 2 scrolls of identify
Potions
 e - a potion of curing


   Skills:
 - Level 3.2 Fighting
 * Level 8.0 Axes
 - Level 3.2 Armour
 - Level 3.6 Shields


You had 6 spell levels left.
You didn't know any spells.
Your spell library contained the following spells:

 Spells                   Type           Power        Failure   Level
 Beastly Appendage        Tmut           #.....       98%         1
 Wereblood                Tmut           #.......     99%         2
 Spider Form              Tmut/Pois      #.........   100%        3
 Ice Form                 Ice/Tmut       #.......     100%        4
 Blade Hands              Tmut           #.........   100%        5


Dungeon Overview and Level Annotations

Branches:
Dungeon (4/15)
 Temple: D:4-7

Altars:
Ashenzari
Fedhas
Makhleb
Uskayaw
Zin
The Shining One

Portals:
Abyss: D:3


Innate Abilities, Weirdness & Mutations

You cannot be hasted, slowed, berserked, paralysed or teleported.
You can dig through walls and to a lower floor.
Your four strong arms can wield two-handed weapons with a shield.
You have a pair of large antennae on your head. (SInv)


Message History

You are too injured to fight recklessly!
You are too injured to fight recklessly!
You closely miss the ogre.
The ogre is heavily wounded.
The gnoll hits you from afar with a +0 halberd!
* * * LOW HITPOINT WARNING * * *
You block the ogre's attack.
You slash the ogre!
The ogre is almost dead.
The gnoll misses you. You block the ogre's attack.
Okay, then.
You slash the ogre!
You kill the ogre!
Your Axes skill increases to level 8!
The gnoll barely misses you.
You see here a hunting sling.
There is a stone staircase leading up here.
You see here a manual of Translocations.
The gnoll hits you from afar with a +0 halberd!
You die...

#..#.# #.# #.#
#..#.#.#.###.#
......#..##.#
... ...##.#
#)##".##.# {
#...#.##.#
###...##.####
##.)......#
#....g.@.#
#........#
##.......#
#.####### #.#
..$ #... ###


You could see a gnoll.

Vanquished Creatures
  A small abomination (D:3)
  An ogre (D:4)
  2 howler monkeys
  A quasit (D:3)
  The ghost of P0WERM0DE the Magician, a weakling TeWz (D:3)
  8 gnolls
  A howler monkey skeleton (D:4)
  10 adders
  A white imp (D:3)
  2 worms (D:3)
  4 dart slugs
  7 leopard geckos
  An orc (D:3)
  A ball python (D:3)
  11 bats
  2 giant cockroaches (D:2)
  8 goblins
  6 hobgoblins
  9 jackals
  12 kobolds
  A quokka (D:3)
  4 frilled lizards
  10 rats
104 creatures vanquished.

Notes
Turn   | Place    | Note
-------+----------+-------------------------------------------
     0 | D:1      | Froggeryz the Formicid Fighter began the quest for the Orb.
     0 | D:1      | Reached XP level 1. HP: 18/18 MP: 1/1
   279 | D:1      | Reached XP level 2. HP: 24/24 MP: 2/2
   490 | D:1      | Reached skill level 3 in Axes
   657 | D:1      | Reached XP level 3. HP: 29/29 MP: 3/3
  1027 | D:2      | Reached skill level 4 in Axes
  1027 | D:2      | Reached XP level 4. HP: 24/35 MP: 4/4
  1181 | D:2      | Found a blossoming altar of Fedhas.
  1360 | D:2      | Reached XP level 5. HP: 41/41 MP: 5/5
  1369 | D:2      | Reached skill level 5 in Axes
  2142 | D:3      | Reached XP level 6. HP: 33/47 MP: 6/6
  2251 | D:3      | Reached skill level 6 in Axes
  2436 | D:3      | Noticed P0WERM0DE's ghost (weakling TeWz)
  2511 | D:3      | Found a one-way gate to the infinite horrors of the Abyss.
  2724 | D:3      | Found a transporter.
  2734 | D:3      | Noticed a small abomination
  2753 | D:3      | Found a transporter.
  2926 | D:3      | Found a glowing silver altar of Zin.
  2926 | D:3      | Found a burning altar of Makhleb.
  3045 | D:3      | Found a broken altar of Ashenzari.
  3047 | D:3      | Found a glowing golden altar of the Shining One.
  3049 | D:3      | Found a hide-covered altar of Uskayaw.
  3193 | D:3      | Killed P0WERM0DE's ghost
  3204 | D:3      | Killed a small abomination
  3204 | D:3      | Reached skill level 7 in Axes
  3204 | D:3      | Reached XP level 7. HP: 38/52 MP: 7/7
  3332 | D:4      | Reached skill level 8 in Axes
  3341 | D:4      | Slain by a gnoll

Illustrated notes

Levels and vault maps discovered:
D:1:      lightli_arrival_statue_moat, layout_basic
D:2:      minmay_chambers_of_ones, layout_rooms, lemuel_doored_altar,
          minmay_tree_intersection
D:3:      layout_rooms, chequers_temple_overflow_minitemple,
          gammafunk_ghost_abyssal_escape
D:4:      layout_rooms

Skill      XL: |  1  2  3  4  5  6  7 |
---------------+----------------------+-----
Axes           | 3 4 5 7 8 |  8.0
Fighting       | |  3.2
Armour         | |  3.2
Shields        | |  3.6

Action                   |  1- 3 |  4- 6 |  7- 9 || total
-------------------------+-------+-------+-------++-------
Melee: War axe           |    88 |   184 |    21 ||   293
       Hand axe          |    19 |       |       ||    19
  Use: Scroll            |       |     9 |       ||     9
       Potion            |       |     4 |       ||     4
Armor: Scale mail        |    56 |    70 |     4 ||   130
Dodge: Dodged            |    31 |    47 |     9 ||    87
Block: Kite shield       |    74 |   108 |     9 ||   191

Table legend: (Time is in decaauts)
 A = Elapsed time spent in this place.
 B = Non-inter-level travel time spent in this place.
 C = Inter-level travel time spent in this place.
 D = Time resting spent in this place.
 E = Time spent auto-exploring this place.
 F = Levels seen in this place.
 G = Mean time per level.
                   A        B        C        D        E       F      G
               +--------+--------+--------+--------+--------+-----+--------+
         Total |   3437 |   3344 |     93 |    681 |   1804 |   4 |  859.2 |
       Dungeon |   3437 |   3344 |     93 |    681 |   1804 |   4 |  859.2 |
               +--------+--------+--------+--------+--------+-----+--------+

Top non-repeatable levels by time:
     D:2: 1290 daAuts
     D:3: 1248 daAuts
     D:1: 850 daAuts
     D:4: 48 daAuts
